 Dungeon Crawl Stone Soup version 0.13.0-29-gdb529de (webtiles) character file.

252 MirrMurr the Scratcher (level 5, -1/25 HPs)
             Began as a Felid Berserker on Nov 10, 2013.
             Was a Believer of Trog.
             Slain by an orc
             ... wielding a +0,+1 orcish trident
              (7 damage)
             ... on Level 3 of the Dungeon.
             The game lasted 00:07:13 (3162 turns).

MirrMurr the Scratcher (Felid Berserker)            Turns: 3162, Time: 00:07:14

HP  -1/25        AC  1     Str 13      XL: 5   Next:  8%
MP   7/7         EV 21     Int  9      God: Trog [**....]
Gold 104         SH  0     Dex 18      Spells:  0 memorised,  4 levels left
Lives: 0, deaths: 1

Res.Fire  : . . .   See Invis. : +     - Unarmed
Res.Cold  : . . .   Warding    : .   (armour unavailable)
Life Prot.: . . .   Conserve   : .   (shield unavailable)
Res.Poison: .       Res.Corr.  : .   (helmet unavailable)
Res.Elec. : .       Clarity    : .   (cloak unavailable)
Sust.Abil.: . .     Spirit.Shd : .   (gloves unavailable)
Res.Mut.  : .       Stasis     : .   (boots unavailable)
Res.Rott. : .       Flight     : .   (no amulet)
Saprovore : . . .                    (no ring)
                                     d - +2 ring of dexterity

@: exhausted, slowed, slow, somewhat resistant to hostile enchantments, quite
stealthy
A: paw claws, no armour, no advanced items, fangs 3, see invisible, carnivore 3,
speed 1, slow metabolism 1, AC +1
a: Burn Spellbooks, Berserk, Trog's Hand, Renounce Religion


You were on level 3 of the Dungeon.
You worshipped Trog.
Trog was pleased with you.
You were full.

You visited 1 branch of the dungeon, and saw 3 of its levels.

You collected 84 gold pieces.

Inventory:

Comestibles
 c - 3 meat rations
Scrolls
 b - a scroll of identify
 e - a scroll of teleportation {unknown}
 g - a scroll of amnesia {unknown}
 h - a scroll of recharging {unknown}
 i - 2 scrolls of curse jewellery {unknown}
 k - a scroll of noise {unknown}
 l - a scroll of random uselessness {unknown}
Jewellery
 d - a +2 ring of dexterity (left paw)
Potions
 a - 5 potions of curing
 f - a potion of speed
 j - a potion of restore abilities


   Skills:
 + Level 3.8 Fighting
 + Level 5.1 Dodging
 + Level 2.8 Stealth
 * Level 5.1 Unarmed Combat


You had 4 spell levels left.
You didn't know any spells.

Dungeon Overview and Level Annotations

Branches:
Dungeon (3/27)

Altars:


Innate Abilities, Weirdness & Mutations

You cannot wear armour.
You are incapable of any advanced item manipulation.
Your paws have sharp claws.
You have razor-sharp teeth.
You have supernaturally acute eyesight.
You are carnivorous and can eat meat at any time.
You cover ground quickly.
You are covered in fur (AC +1).
You have a slow metabolism.


Message History

The orc begins to bleed from its wounds!
The orc is almost dead.
The orc hits you with an orcish trident!
* * * LOW HITPOINT WARNING * * *
You are too injured to fight recklessly!
You are too injured to fight recklessly!
You are too injured to fight recklessly!
You are too injured to fight recklessly!
You scratch the orc but do no damage.
The orc is almost dead.
The orc misses you.
You scratch the orc but do no damage.
The orc is almost dead.
Your skin stops crawling.
You feel less resistant to hostile enchantments.
The orc is no longer bleeding.
The orc hits you but does no damage.
You scratch the orc but do no damage. You bite the orc, but do no damage.
The orc is almost dead.
The orc hits you with an orcish trident!
You die...

############ ###########
#...........
######..)......#####...........
..>....?.......))().....(......
##.###........@).###....%......
#........o..# #.....).....
########....# #....)......
#..(.# #........... ......#
#........... .......#
#........... ..#####
#.....###### ... ##........#
#........#


You could see an orc.

Vanquished Creatures
  The ghost of AnotherOne the Ruinous, an average HuCj (D:3)
  An orc priest (D:3)
  4 gnolls (D:2)
  3 adders (D:3)
  8 orcs (D:3)
  A ball python (D:1)
  4 bats
  3 giant cockroaches
  3 goblins
  7 hobgoblins
  8 jackals
  2 quokkas
  3 giant newts (D:1)
  10 kobolds
  7 rats
65 creatures vanquished.

Notes
Turn   | Place    | Note
--------------------------------------------------------------
     0 | D:1      | MirrMurr, the Felid Berserker, began the quest for the Orb.
     0 | D:1      | Reached XP level 1. HP: 10/10 MP: 1/1
   516 | D:1      | Reached XP level 2. HP: 14/14 MP: 2/2
   607 | D:1      | Reached skill level 1 in Stealth
  1325 | D:2      | Reached XP level 3. HP: 18/18 MP: 4/4
  1606 | D:2      | Acquired Trog's second power
  1879 | D:2      | Reached XP level 4. HP: 12/21 MP: 6/6
  2308 | D:3      | Noticed AnotherOne's ghost (average HuCj)
  2461 | D:3      | Killed AnotherOne's ghost
  2461 | D:3      | Reached XP level 5. HP: 25/25 MP: 7/7
  2779 | D:3      | Killed from afar by an orc priest
  2780 | D:3      | Reached XP level 4. HP: -2/21 MP: 6/6
  2888 | D:3      | Reached skill level 5 in Dodging
  2946 | D:3      | Reached skill level 5 in Unarmed Combat
  2982 | D:3      | HP: 1/21 [orc/orcish mace (9)]
  3001 | D:3      | Reached XP level 5. HP: 9/25 MP: 7/7
  3162 | D:3      | Slain by an orc

Action                   |  1- 3 |  4- 6 || total
-------------------------+-------+-------++-------
Melee: Unarmed           |   121 |    83 ||   204
Invok: Berserk           |     2 |     2 ||     4
       Trog's Hand       |       |     4 ||     4
  Use: Potion            |     1 |     2 ||     3
       Scroll            |     1 |     1 ||     2
 Stab: Sleeping          |     3 |     3 ||     6
